 Dungeon Crawl Stone Soup version 0.26.0-18-gc5c842f807 (console) character file.

Game seed: 13689776463264356376

10561 om the Grappler (level 11, -1/105 HPs)
             Began as a Troll Berserker on Jan 22, 2021.
             Was a High Priest of Trog.
             Slain by a wolf (6 damage)
             ... led by Grum
             ... while paralysed
             ... on level 11 of the Dungeon.
             The game lasted 00:19:50 (10310 turns).

om the Grappler (Troll Berserker)                  Turns: 10310, Time: 00:19:51

Health: -1/105     AC:  9    Str: 27    XL:     11   Next: 37%
Magic:  10/10      EV:  1    Int:  4    God:    Trog [*****.]
Gold:   342        SH:  0    Dex: 11    Spells: 10/10 levels left

rFire    . . .     SeeInvis .   t - +0 giant club
rCold    . . .     Faith    +   (shield currently unavailable)
rNeg     . . .     Spirit   .   x - +0 steam dragon scales
rPois    .         Reflect  .   o - +0 hat
rElec    .         Harm     .   (no cloak)
rCorr    .         Rampage  .   (gloves unavailable)
Will     .....                  (boots unavailable)
Stlth    ++........             y - amulet of faith
HPRegen  0.67/turn              r - +4 ring of evasion
MPRegen  0.12/turn              (no ring)

@: paralysed, berserk cooldown, slowed
A: large, unfitting armour, claws 3, regeneration 1, shaggy fur 1, tough skin 3
a: Renounce Religion, Berserk, Trog's Hand, Brothers in Arms


You were on level 11 of the Dungeon.
You worshipped Trog.
Trog was extremely pleased with you.
You visited 1 branch of the dungeon, and saw 11 of its levels.

You collected 550 gold pieces.
You spent 208 gold pieces at shops.

Inventory:

Hand Weapons
 t - a +0 giant club (weapon)
 v - a +0 giant spiked club
Missiles
 u - 3 large rocks
Armour
 o - a +0 hat (worn)
 x - +0 steam dragon scales (worn)
Jewellery
 h - an uncursed ring of ice
 r - a +4 ring of evasion (left claw)
 y - an amulet of faith (around neck)
Wands
 a - a wand of digging (2)
 g - a wand of flame (10)
 n - a wand of acid (8)
 w - a wand of paralysis (18)
Scrolls
 f - a scroll of magic mapping {unknown}
 i - a scroll of identify
 k - 5 scrolls of remove curse
 l - 4 scrolls of immolation
 m - 4 scrolls of enchant armour
 p - a scroll of fog
 s - a scroll of holy word {unknown}
 B - a scroll of teleportation
 C - a scroll of enchant weapon {unknown}
Potions
 b - 2 potions of magic
 c - 2 potions of might
 d - 5 potions of haste
 e - a potion of lignification
 j - 2 potions of flight
 q - 3 potions of resistance
 z - a potion of brilliance {unknown}
 A - a potion of curing {unknown}


   Skills:
 + Level 5.8 Fighting
 * Level 4.4 Maces & Flails
 - Level 6.0 Throwing
 * Level 8.8 Dodging
 - Level 3.0 Stealth
 - Level 10.0 Unarmed Combat
 + Level 1.3 Evocations


You had 10 spell levels left.
You didn't know any spells.
Your spell library was empty.

Dungeon Overview and Level Annotations

Branches:
Dungeon (11/15)            Temple (0/1) D:5            Lair (0/6) D:9
    Orc (0/2) D:10

Altars:
Gozag
Hepliaklqana
Kikubaaqudgha

Shops:
D:7 *   D:9 (


Innate Abilities, Weirdness & Mutations

You are too large for most types of armour.
You have claws for hands.
Your natural rate of healing is unusually fast.
You are covered in fur. (AC +1)
You have extremely tough skin. (AC +3)


Message History

You pass out from exhaustion.
You feel yourself slow down. The wolf completely misses you.
The wolf bites you. The wolf bites you but does no damage. The wolf bites you.
* * * LOW HITPOINT WARNING * * *
The wolf bites you.
* * * LOW HITPOINT WARNING * * *
The wolf bites you but does no damage. x2; The wolf bites you.
* * * LOW HITPOINT WARNING * * *
The wolf bites you.
* * * LOW HITPOINT WARNING * * *
The wolf bites you.
* * * LOW HITPOINT WARNING * * *
The wolf bites you.
* * * LOW HITPOINT WARNING * * *
The wolf bites you but does no damage. The wolf bites you.
* * * LOW HITPOINT WARNING * * *
The wolf bites you.
* * * LOW HITPOINT WARNING * * *
The wolf bites you.
You die...

.... ...... .......
.......<###
..........###
.......^..........#
..................##
.......#.......h@..#
.......#....#..hh.##
#..............####
#.....#.......##
#...........##.## ####
#.....<.........##...#
.....................#
..#).................##
.###..............[...#
...#.##..............#
.....##.............##


You could see 3 wolves.

Vanquished Creatures
  Gastronok (D:8)
  2 two-headed ogres
  Pikel (D:4)
  A centaur zombie (D:10)
  4 trolls
  The ghost of kaeus the Skirmisher, an amateur DsFi (D:4)
  A wraith (D:10)
  5 yaks (D:10)
  Eustachio (D:5)
  Grum (D:11)
  2 steam dragons
  A water moccasin (D:9)
  4 orc warriors
  3 ice beasts
  A hornet zombie (D:9)
  3 sky beasts
  4 ogres
  A phantom (D:8)
  3 centaurs
  A necrophage (D:8)
  Blork the orc (D:6)
  A bullfrog (D:9)
  2 scorpions
  7 killer bees
  12 wights
  2 howler monkeys
  3 hounds
  7 human zombies (D:8)
  A quasit (D:11)
  5 jellies
  4 orc priests
  10 orc wizards
  3 bullfrog skeletons
  2 centaur skeletons
  6 iguanas
  7 worker ants
  2 ogre zombies (D:8)
  A worker ant zombie (D:11)
  10 adders
  3 gnolls (D:9)
  2 shadow imps
  A white imp (D:5)
  3 ufetubi
  3 worms
  An adder skeleton (D:7)
  2 dart slugs (D:2)
  7 leopard geckos
  34 orcs
  11 bats
  3 giant cockroaches
  8 goblins
  6 hobgoblins
  4 kobolds
  4 quokkas
  7 frilled lizards
  A leopard gecko skeleton (D:4)
  A leopard gecko zombie (D:7)
  An orc zombie (D:8)
  2 quokka zombies
  13 rats
244 creatures vanquished.

Vanquished Creatures (collateral kills)
  2 killer bees (D:9)
  2 wights (D:9)
  A shadow imp (D:9)
  An orc (D:9)
6 creatures vanquished.

Vanquished Creatures (others)
  9 plants (D:2)
9 creatures vanquished.

Grand Total: 259 creatures vanquished

Notes
Turn   | Place    | Note
-------+----------+-------------------------------------------
     0 | D:1      | om the Troll Berserker began the quest for the Orb.
     0 | D:1      | Reached XP level 1. HP: 22/22 MP: 0/0
   368 | D:1      | Reached XP level 2. HP: 29/29 MP: 1/1
   920 | D:2      | Reached XP level 3. HP: 36/36 MP: 2/2
   991 | D:2      | Reached ** piety under Trog
  1012 | D:2      | Reached skill level 4 in Unarmed Combat
  1173 | D:2      | Reached XP level 4. HP: 43/44 MP: 3/3
  1765 | D:3      | Reached XP level 5. HP: 52/52 MP: 4/4
  1805 | D:3      | Reached *** piety under Trog
  1853 | D:3      | Reached skill level 5 in Unarmed Combat
  2110 | D:4      | You fall into a shaft and drop 1 floor!
  2110 | D:5      | Entered Level 5 of the Dungeon
  2156 | D:5      | Reached XP level 6. HP: 55/59 MP: 5/5
  2210 | D:5      | Noticed Eustachio
  2251 | D:5      | Killed Eustachio
  2252 | D:5      | Reached skill level 6 in Unarmed Combat
  2340 | D:5      | Found an opulent altar of Gozag.
  2828 | D:4      | Noticed Pikel
  2839 | D:4      | Killed Pikel
  2840 | D:4      | Reached skill level 1 in Stealth
  2840 | D:4      | Reached XP level 7. HP: 67/67 MP: 6/6
  3183 | D:4      | Found a large runed translucent door.
  3184 | D:4      | Found a large runed translucent door.
  3185 | D:4      | Noticed kaeus's ghost (amateur DsFi)
  3381 | D:4      | Reached XP level 8. HP: 56/75 MP: 7/7
  3683 | D:4      | Killed kaeus's ghost
  3795 | D:5      | Found a staircase to the Ecumenical Temple.
  4099 | D:6      | Reached **** piety under Trog
  4631 | D:6      | Reached skill level 7 in Unarmed Combat
  4723 | D:6      | Noticed Blork the orc
  4734 | D:6      | Killed Blork the orc
  5207 | D:7      | Reached XP level 9. HP: 82/84 MP: 8/8
  5366 | D:7      | Found Xacvech's Assorted Antiques.
  5615 | D:7      | Bought a scroll labelled OSHROETS LIGE for 26 gold pieces
  5615 | D:7      | Bought a scroll labelled JUGOLE PI SOEL for 26 gold pieces
  5615 | D:7      | Bought 2 scrolls of identify for 104 gold pieces
  5615 | D:7      | Bought a scroll of identify for 52 gold pieces
  5717 | D:7      | Reached skill level 8 in Unarmed Combat
  5963 | D:8      | Noticed a troll
  5982 | D:7      | Killed a troll
  6313 | D:8      | Noticed Gastronok
  6330 | D:8      | Killed Gastronok
  6330 | D:8      | Reached ***** piety under Trog
  6331 | D:8      | Reached skill level 5 in Fighting
  6331 | D:8      | Reached skill level 9 in Unarmed Combat
  6331 | D:8      | Reached XP level 10. HP: 96/96 MP: 9/9
  6480 | D:8      | Found a hazy altar of Hepliaklqana.
  6481 | D:8      | Noticed a two-headed ogre
  6588 | D:8      | Killed a two-headed ogre
  6937 | D:8      | Reached skill level 1 in Maces & Flails
  6985 | D:8      | Reached skill level 10 in Unarmed Combat
  7010 | D:8      | Received a gift from Trog
  7060 | D:8      | Found an ancient bone altar of Kikubaaqudgha.
  7348 | D:9      | Found a staircase to the Lair.
  7727 | D:8      | Reached skill level 5 in Throwing
  7967 | D:9      | Found Diliufi's Weapon Shoppe.
  8052 | D:9      | Noticed a two-headed ogre
  8059 | D:9      | Killed a two-headed ogre
  8166 | D:9      | Reached XP level 11. HP: 72/103 MP: 10/10
  8606 | D:10     | Entered Level 10 of the Dungeon
  8679 | D:9      | HP: 5/104 [poisoned by a water moccasin]
  9103 | D:10     | Found a staircase to the Orcish Mines.
  9759 | D:10     | Reached skill level 1 in Evocations
 10290 | D:11     | Noticed Grum
 10303 | D:11     | Killed Grum
 10310 | D:11     | HP: 5/105 [wolf[Grum] (5)]
 10310 | D:11     | Slain by a wolf

Illustrated notes

Levels and vault maps discovered:
D:1:      saegor_arrival_simple_d, layout_loops_corners, nrook_mini_backslash
D:2:      minmay_recursive_quarters, layout_loops_ring, kennysheep_nondescript,
          serial_bayou_ford_a
D:3:      layout_rooms
D:4:      layout_basic, ebering_ghost_disaster_area, minmay_stone_trees_medium,
          uniq_pikel
D:5:      layout_basic, marbit_many_paths, minmay_temple_entry_crystal_x,
          uniq_eustachio
D:6:      layout_gridville, uniq_blork_the_orc
D:7:      layout_gridville, serial_shops, nicolae_shop_waterfront
D:8:      layout_basic, nicolae_overflow_crystal_walls, minivault_24,
          ebering_dispersal_statue_hall, lemuel_mausoleum_altar_kikubaaqudgha,
          uniq_gastronok
D:9:      layout_cave_pools, dpeg_oklobed_lair, serial_shops, shop
D:10:     layout_cave_pods, orc_0_dummy
D:11:     layout_cave_pools, uniq_psyche, uniq_maurice, uniq_harold, uniq_grum

Skill      XL: |  1  2  3  4  5  6  7  8  9 10 11 |
---------------+----------------------------------+-----
Unarmed Combat | 4 5 6 7 9 10 | 10.0
Dodging        | 3 6 7 8 |  8.8
Fighting       | 3 5 |  5.8
Stealth        | 1 2 3 |  3.0
Throwing       | 3 5 6 |  6.0
Maces & Flails | 3 4 |  4.4
Evocations     | 1 |  1.3

Action                   |  1- 3 |  4- 6 |  7- 9 | 10-12 || total
-------------------------+-------+-------+-------+-------++-------
Melee: Unarmed           |    94 |   166 |   189 |   225 ||   674
       Punch             |     1 |     2 |     9 |     8 ||    20
       Giant club        |       |       |       |   192 ||   192
Invok: Berserk           |     1 |     4 |     8 |     9 ||    22
       Trog's Hand       |       |     1 |       |     1 ||     2
       Brothers in Arms  |       |       |       |     1 ||     1
Evoke: Wand              |       |       |       |     5 ||     5
  Use: Scroll            |     3 |     3 |     9 |     5 ||    20
 Stab: Sleeping          |       |       |     3 |    10 ||    13
       Distracted        |       |       |     1 |       ||     1
Armor: Animal skin       |    48 |    70 |    35 |    31 ||   184
       Steam dragon scal |       |       |       |    88 ||    88
Dodge: Dodged            |    59 |   125 |    97 |   534 ||   815
